 Dungeon Crawl Stone Soup version 0.32-a0-960-g3814254bd7 (webtiles) character file.

Game seed: 7599984008445724062

4 Sanktem7 the Shield-Bearer (level 1, -3/20 HPs)
             Began as a Minotaur Fighter on Apr 17, 2024.
             Succumbed to a kobold's poison
             ... on level 1 of the Dungeon.
             The game lasted 00:00:15 (136 turns).

Sanktem7 the Shield-Bearer (Minotaur Fighter)        Turns: 136, Time: 00:00:15

Health: -3/20      AC:  7    Str: 20    XL:     1   Next: 50%
Magic:  0/0        EV: -1    Int:  5    God:
Gold:   42         SH:  4    Dex:  9    Spells: 0/0 levels left

rFire   . . .        a - +0 war axe {axe}
rCold   . . .        c - +0 buckler
rNeg    . . .        b - +0 scale mail
rPois   .            (helmet restricted)
rElec   .            (no cloak)
rCorr   .            (no gloves)
SInv    .            (no boots)
Will    .....        (no amulet) Stlth
                     (no ring)
HPRegen 0.23/turn    (no ring)
MPRegen 0.07/turn

%: no passive effects
@: lethally poisoned (-3 -> -23), constricted
A: horns 2, retaliatory headbutt
a: no special abilities


You were on level 1 of the Dungeon.
You visited 1 branch of the dungeon, and saw 1 of its levels.

You collected 42 gold pieces.


Innate Abilities, Weirdness & Mutations

You have a pair of horns on your head.
You reflexively headbutt those who attack you in melee.


   Skills:
 + Level 3.7 Fighting
 * Level 2.6 Axes
 + Level 3.7 Armour
 + Level 3.7 Shields


You couldn't memorise any spells.
You didn't know any spells.
Your spell library was empty.

Inventory:

Hand Weapons
 a - a +0 war axe (weapon) {axe}
Missiles
 e - 5 stones (quivered) {throwing}
Armour
 b - a +0 scale mail (worn)
 c - a +0 buckler (worn)
Scrolls
 f - 2 scrolls of butterflies {unknown}
 g - a scroll of fear {unknown}
Potions
 d - a potion of might

Dungeon Overview and Level Annotations

Branches:
Dungeon (1/15) Zot: 5862

Altars:

#### #....
##########...$.
...............
........)....
#...)......
.####.#@S.#+#+###
........#.#.....#
#####.#.#.#.....#
...#.#.#.....#
..#. #.#......##
.######.#......#
...............#
########..#....#
.........#....#


You could see a ball python.


Message History

🤖 Initializing magus.rc ...
Options error: Delay interrupt name "hungry" not recognised. (Sanktem7.rc:4856) Bad monster_list_colour key: strict_neutral Bad channel name 'pray' for runrest: 'pray:' Options error: Missing colour in message_colour setting: 'that.*feels deathly cold' Options error: Missing colour in message_colour setting: 'and you must be Full or above to equip it' Options error: Missing colour in message_colour setting: 'but rights himself reflexively soon after' Options error: Missing colour in message_colour setting: 'before it is too late' ✅ Successfully initialized magus.rc [v1.9.6] Welcome, Sanktem7 the Minotaur Fighter.
Below lies the Orb of Zot, rumoured to be powerful enough to resurrect a god...
Press ? for a list of commands and other information.
Found a leather armour and 5 stones.
Found a staircase leading out of the dungeon.
You see here a +0 leather armour.
e - 5 stones {throwing} An endoplasm comes into view.
The endoplasm quivers.
The endoplasm freezes you.
You are frozen.
You see here 9 gold pieces. 😕 HP[-1]
You take 1 damage, and now have 18/19 hp.
You hit the endoplasm but do no damage. The endoplasm closely misses you.
You furiously retaliate!
You headbutt the endoplasm!
You kill the endoplasm!
No target in view!
No target in view!
No target in view!
No target in view!
No target in view!
No target in view!
You now have 9 gold pieces.
f - a scroll labelled GAEVEWKIOXALL 😎 HP[+1]
Your hp is fully restored (19).
f - 2 scrolls labelled GAEVEWKIOXALL (gained 1)
You now have 18 gold pieces (gained 9).
A hobgoblin comes into view.
The hobgoblin shouts!
A hobgoblin is nearby!
A hobgoblin is nearby!
The hobgoblin hits you but does no damage.
You slash the hobgoblin!
You kill the hobgoblin! 😎 HP[+1]
You now have 20 max hp (+1).
Your hp is fully restored (20).
No target in view!
No target in view!
No target in view!
No target in view!
You now have 29 gold pieces (gained 11).
You open the door.
There is an open door here.
You open the door.
There is an open door here.
g - a scroll labelled MAISUI HIFOAGH You now have 42 gold pieces (gained 13).
A kobold comes into view.
It is wielding a +0 short sword of venom.
The kobold shouts!
The kobold moves out of view.
A kobold is nearby!
A kobold is nearby!
A ball python comes into view.
The ball python hisses angrily.
The kobold hits you with a +0 short sword of venom.
You are poisoned. 😕 HP[-3]
You take 3 damage, and now have 17/20 hp.
You closely miss the kobold. Your headbutt misses the kobold.
You feel very sick. The kobold hits you but does no damage.
You are lethally poisoned!
The kobold hits you with a +0 short sword of venom.
* * * LOW HITPOINT WARNING * * *
You are more poisoned. 😨 HP[-7]
You take 7 damage, and now have 10/20 hp.
MASSIVE DAMAGE!! (PAUSE)
You slash the kobold!
You kill the kobold!
You barely miss the ball python.
* * * LOW HITPOINT WARNING * * *
You feel extremely sick.
The ball python bites you but does no damage.
The ball python grabs you.
The ball python constricts you. 😱 HP[-8]
You take 8 damage, and now have 2/20 hp.
MASSIVE DAMAGE!! (PAUSE)
You hit the ball python.
You die...

Action                     || total
---------------------------++-------
  Melee: War axe           ||     5
 Armour: Scale mail        ||     6
  Dodge: Dodged            ||     1

Levels and vault maps discovered:
D:1:      dpeg_arrival_signposts, layout_basic

Notes
Turn   | Place    | Note
-------+----------+-------------------------------------------
     0 | D:1      | Sanktem7 the Minotaur Fighter began the quest for the Orb.
     0 | D:1      | Reached XP level 1. HP: 19/19 MP: 0/0
     0 | D:1      | magus.rc [v1.9.6]
   135 | D:1      | HP: 2/20 [poisoned by a kobold]
   136 | D:1      | Succumbed to a kobold's poison

Vanquished Creatures
  An endoplasm (D:1)
  A hobgoblin (D:1)
  A kobold (D:1)
3 creatures vanquished.

Table legend:
 A = Non-vault XP
 B = Vault XP
 C = Vault XP percentage of total XP
 D = Non-vault monster count
 E = Vault monster count
 F = Vault count percentage of total count
                 A         B        C        D         E       F
            +---------+---------+-------+---------+---------+-------
      Total |       6 |       0 |   0.0 |       3 |       0 |   0.0
            +---------+---------+-------+---------+---------+-------
        D:1 |       6 |       0 |   0.0 |       3 |       0 |   0.0
            +---------+---------+-------+---------+---------+-------

Action                     || total
---------------------------++-------
  Melee: War axe           ||     5
 Armour: Scale mail        ||     6
  Dodge: Dodged            ||     1

Illustrated notes

Table legend:
 A = Kills in this place as a percentage of kills in the entire game.
 B = Kills by you in this place as a percentage of kills by you in the entire game.
 C = Kills by friends in this place as a percentage of kills by friends in the entire game.
 D = Other kills in this place as a percentage of other kills in the entire game.
 E = Experience gained in this place as a percentage of experience gained in the entire game.
 F = Experience gained in this place divided by the number of levels of this place that you have seen.
                   A       B       C       D       E      F
               +-------+-------+-------+-------+-------+----------------------
         Total | 100.0 | 100.0 |   N/A |   N/A | 100.0 |   6.0
       Dungeon | 100.0 | 100.0 |   N/A |   N/A | 100.0 |   6.0
               +-------+-------+-------+-------+-------+----------------------

Table legend: (Time is in decaauts)
 A = Elapsed time spent in this place.
 B = Non-inter-level travel time spent in this place.
 C = Inter-level travel time spent in this place.
 D = Time resting spent in this place.
 E = Time spent auto-exploring this place.
 F = Levels seen in this place.
 G = Mean time per level.
                   A        B        C        D        E       F      G
               +--------+--------+--------+--------+--------+-----+--------+
         Total |    137 |    137 |      0 |      0 |    118 |   1 |  137.0 |
       Dungeon |    137 |    137 |      0 |      0 |    118 |   1 |  137.0 |
               +--------+--------+--------+--------+--------+-----+--------+

Top non-repeatable levels by time:
     D:1: 137 daAuts
